 Dungeon Crawl Stone Soup version 0.17-a0-1910-g4c791fa (webtiles) character file.

28 ololoev the Skirmisher (level 3, -1/33 HPs)
             Began as a Hill Orc Fighter on Sept 25, 2015.
             Slain by an ogre
             ... wielding a +0 giant spiked club
              (18 damage)
             ... on level 4 of the Dungeon.
             The game lasted 00:03:04 (441 turns).

ololoev the Skirmisher (Hill Orc Fighter)            Turns: 441, Time: 00:03:04

Health: -1/33      AC:  7    Str: 24    XL:     3   Next: 12%
Magic:  3/3        EV:  7    Int:  8    God:
Gold:   7          SH:  9    Dex: 10    Spells: 0 memorised, 2 levels left

rFire  . . .     SeeInvis .     a - +0 war axe
rCold  . . .     Clarity  .     b - +0 scale mail
rNeg   . . .     SustAt   .     c - +0 shield
rPois  .         Gourm    .     (no helmet)
rElec  .         Spirit   .     (no cloak)
rCorr  .         Warding  .     (no gloves)
rMut   .         Stasis   .     (no boots)
MR     .....                    (no amulet)
Stlth  ..........               (no ring)
                                (no ring)

@: mighty, not resistant to hostile enchantments, extremely unstealthy
A: no striking features
a: no special abilities

Inventory:

Hand weapons
 a - a +0 war axe (weapon)
Armour
 b - a +0 scale mail (worn)
 c - a +0 shield (worn)
Scrolls
 f - 2 scrolls of identify {unknown}
 g - a scroll of amnesia {unknown}
 i - a scroll of magic mapping
Comestibles
 e - a bread ration
 h - a meat ration


   Skills:
 + Level 3.9 Fighting
 * Level 3.9 Axes
 + Level 3.7 Armour
 - Level 3.2 Shields


You had 2 spell levels left.
You didn't know any spells.


You were on level 4 of the Dungeon.
You were not hungry.

You visited 1 branch of the dungeon, and saw 4 of its levels.

You collected 49 gold pieces.
You spent 42 gold pieces at shops.

....... .......
##.......
#<.....#+#
#.####.#.#
#....#.#.#
#..#.#.#.#######
#...∩...........
#..#.#.@O.......
####.#..........
..#..........
##.#..........
#.#.#+#######
#.#.. #.###

Notes
Turn   | Place    | Note
--------------------------------------------------------------
     0 | D:1      | ololoev the Hill Orc Fighter began the quest for the Orb.
     0 | D:1      | Reached XP level 1. HP: 19/19 MP: 1/1
    66 | D:1      | Reached XP level 2. HP: 25/27 MP: 2/2
   330 | D:2      | Found a radiant altar of Vehumet.
   348 | D:3      | Reached XP level 3. HP: 31/33 MP: 3/3
   426 | D:4      | Found Xaantusylu's Magic Scroll Shop.
   429 | D:4      | Bought a scroll of magic mapping for 42 gold pieces
   431 | D:4      | Noticed an ogre
   441 | D:4      | Slain by an ogre

Dungeon Overview and Level Annotations

Branches:
Dungeon (4/15)
 Temple: D:4-7

Altars:
Vehumet

Shops:
D:4 ?


Message History

You slash the worm!
You kill the worm!
There is a stone staircase leading down here.
You open the door.
Found 9 stones and 22 gold pieces.
There is an open door here.
Found a ring mail.
You now have 37 gold pieces (gained 10).
You see here a ring mail.
You now have 49 gold pieces (gained 12).
(D) Dungeon
Where to? (? - help)
There is an open door here.
There is a stone staircase leading down here.
You climb downwards.
There is a stone staircase leading up here.
Found Xaantusylu's Magic Scroll Shop.
There is an entrance to Xaantusylu's Magic Scroll Shop here.
i - a scroll of magic mapping Thank you for shopping at Xaantusylu's Magic Scroll Shop!
An ogre comes into view. It is wielding a giant spiked club.
The ogre shouts!
You aren't carrying any items that can be evoked.
Drink which item? (? for menu, Esc to quit)
You feel very mighty all of a sudden. You block the ogre's attack.
You slash the ogre!
The ogre is moderately wounded.
You block the ogre's attack.
You slash the ogre!
The ogre is severely wounded.
The ogre barely misses you.
Your scale mail prevents you from hitting the ogre.
The ogre is severely wounded.
The ogre hits you but does no damage.
You closely miss the ogre.
The ogre is severely wounded.
The ogre hits you with a giant spiked club!!
Ouch! That really hurt!
You die...

You could see an ogre.

Vanquished Creatures
  A worm (D:3)
  5 goblins
  2 hobgoblins (D:1)
  6 jackals
  A bat (D:2)
  2 giant newts (D:1)
  5 kobolds
  A rat (D:1)
23 creatures vanquished.

Action                   || total
-------------------------++-------
Melee: War axe           ||    87
  Use: Potion            ||     1

Vault maps used:
D:1:      saegor_arrival_simple_d
D:2:      fedhas_altar_2, vehumet_crystals
D:4:      lemuel_round_altar, cheibrodos_ashenzari_chains, serial_shops,
          nicolae_shop_crystal, serial_park_tiny_2, uniq_grinder, uniq_duvessa
